 Dungeon Crawl Stone Soup version 0.25.1-1-g288607f5aa (webtiles) character file.

Game seed: 8165786462498966323

133 H0rd4k the Insei (level 5, -7/49 HPs)
             Began as an Octopode Transmuter on July 22, 2020.
             Killed by divine providence
             ... invoked by an orc priest
              (11 damage)
             ... on level 2 of the Dungeon.
             The game lasted 00:02:12 (2254 turns).

H0rd4k the Insei (Octopode Transmuter)              Turns: 2254, Time: 00:02:12

Health: -7/49      AC:  1    Str: 10    XL:     5   Next: 16%
Magic:  0/8        EV: 13    Int: 16    God:
Gold:   93         SH:  0    Dex: 12    Spells: 2/8 levels left

rFire    . . .     SeeInvis .     - Unarmed
rCold    . . .     Gourm    .   (no shield)
rNeg     . . .     Faith    .   (helmet restricted)
rPois    .         Spirit   +   j - amulet of guardian spirit
rElec    .         Reflect  .   e - ring of teleportation (curse)
rCorr    .         Harm     .   (no ring)
MR       .....     Rnd*Tele +   (no ring)
Stlth    ..........             (no ring)
HPRegen  0.16/turn              (no ring)
MPRegen  0.11/turn              (no ring)
                                (no ring)
                                (no ring)

@: berserking, lethally poisoned (-7 -> -33), very slightly contaminated,
invisible, very quick
A: almost no armour, stealthy swim, amphibious, 8 rings, constrict 8, camouflage
1, blink, screaming 1, gelatinous body 1
a: Blink


You were on level 2 of the Dungeon.
You were not hungry.

You visited 1 branch of the dungeon, and saw 2 of its levels.

You collected 93 gold pieces.

Inventory:

Missiles
 a - 12 arrows
 h - 17 poisoned darts (quivered)
Jewellery
 e - a cursed ring of teleportation (left tentacle)
 j - an amulet of guardian spirit (around mantle)
 k - an uncursed ring of positive energy {unknown}
Scrolls
 f - 2 scrolls of teleportation
Potions
 b - 2 potions of mutation
 i - a potion of flight {unknown}
Comestibles
 c - 8 rations
 l - a chunk of flesh


   Skills:
 + Level 1.1 Fighting
 + Level 2.4 Dodging
 + Level 1.5 Stealth
 + Level 4.8 Unarmed Combat
 * Level 2.3 Spellcasting
 * Level 2.3 Transmutations


You had 2 spell levels left.
You knew the following spells:

 Your Spells              Type           Power        Failure   Level  Hunger
a - Beastly Appendage     Tmut           #.....       8%          1    #......
b - Sticks to Snakes      Tmut           #.......     12%         2    ###....
c - Spider Form           Tmut/Pois      #.........   36%         3    ###....

Your spell library contained the following spells:

 Spells                   Type           Power        Failure   Level  Hunger
 Ice Form                 Ice/Tmut       #.......     77%         4    #####..
 Blade Hands              Tmut           #.........   91%         5    ######.


Dungeon Overview and Level Annotations

Branches:
Dungeon (2/15)

Altars:
Uskayaw
The Shining One


Innate Abilities, Weirdness & Mutations

You cannot wear most types of armour.
You are very stealthy in the water. (Stealth+)
You are amphibious.
You can wear up to eight rings at the same time.
You can use your tentacles to constrict eight enemies at once.
Your skin changes colour to match your surroundings (Stealth+).
Your rubbery body absorbs attacks. (AC +1, EV +1)
You can translocate small distances at will.
You occasionally shout uncontrollably at your foes.


Message History

Nothing appears to happen.
* * * LOW HITPOINT WARNING * * *
You feel sick. The orc wizard closely misses you.
It was a potion of invisibility.
You fade into invisibility!
* * * LOW HITPOINT WARNING * * *
You feel sick. The orc wizard closely misses you.
The orc wizard hits you with a +2 dagger of venom.
* * * LOW HITPOINT WARNING * * *
You are more poisoned.
It was a potion of berserk rage.
A red film seems to cover your vision as you go berserk!
You feel yourself moving faster!
You feel mighty!
* * * LOW HITPOINT WARNING * * *
You feel sick.
The orc wizard hits you but does no damage.
You are more poisoned.
The orc priest invokes the aid of Beogh against you.
Beogh smites you!
You die...

###.#o...#..##.#######...........
#.##o###..##.#######.###.##.###
#.##..##..##.#..........÷.).# #
#####'###................#..# #
#....#.##########.###....# #
#.♣.o#.# #.# #.#..# # #..♣.#.#
#####.###.#..###
#....#.######...............
###'##o..oo@...<............
#....##########.###.#.#### ######
#.# #.#.# #.# #.#.# #.# #.#.# ###
#####


You could see an orc priest, an orc wizard (fast) and an orc.

Vanquished Creatures
  Jessica (D:2)
  3 gnolls (D:2)
  3 adders (D:2)
  2 oozes (D:1)
  2 dart slugs (D:1)
  A leopard gecko (D:1)
  A giant cockroach (D:1)
  7 goblins
  8 hobgoblins
  4 bats
  3 frilled lizards
  6 kobolds
  A rat (D:2)
42 creatures vanquished.

Notes
Turn   | Place    | Note
-------+----------+-------------------------------------------
     0 | D:1      | H0rd4k the Octopode Transmuter began the quest for the Orb.
     0 | D:1      | Reached XP level 1. HP: 13/13 MP: 3/3
    72 | D:1      | Reached XP level 2. HP: 12/18 MP: 5/5
   370 | D:1      | Reached skill level 4 in Unarmed Combat
   375 | D:1      | Reached XP level 3. HP: 13/23 MP: 6/6
   379 | D:1      | Learned a level 2 spell: Sticks to Snakes
   398 | D:1      | Learned a level 3 spell: Spider Form
  1109 | D:2      | Found a hide-covered altar of Uskayaw.
  1153 | D:2      | Reached XP level 4. HP: 28/28 MP: 7/7
  1260 | D:2      | Found a glowing golden altar of the Shining One.
  1762 | D:2      | Reached skill level 1 in Stealth
  1931 | D:2      | Noticed Jessica
  1937 | D:2      | Killed Jessica
  1937 | D:2      | Reached XP level 5. HP: 32/33 MP: 5/8
  2250 | D:2      | Gained mutation: You occasionally shout uncontrollably at
                  | your foes. [potion of mutation]
  2250 | D:2      | Gained mutation: You can translocate small distances at
                  | will. [potion of mutation]
  2254 | D:2      | Killed from afar by an orc priest

Illustrated notes

Levels and vault maps discovered:
D:1:      ebering_trefoil_3fold, layout_rooms, minmay_misc_feat_roman,
          minmay_tripent
D:2:      layout_basic, lemuel_round_altar, lemuel_crystal_altar,
          kennysheep_generic_room_14, uniq_jessica

Skill      XL: |  1  2  3  4 |
---------------+-------------+-----
Unarmed Combat | 4 |  4.8
Stealth        | 1 |  1.5
Fighting       | |  1.1
Dodging        | |  2.4
Spellcasting   | |  2.3
Transmutations | |  2.3

Action                   |  1- 3 |  4- 6 || total
-------------------------+-------+-------++-------
Melee: Unarmed           |    70 |    34 ||   104
       Constrict         |    11 |     8 ||    19
       Tentacles         |    12 |     7 ||    19
       Punch             |     2 |     1 ||     3
       Kick              |     1 |     3 ||     4
Throw: Dart              |     2 |       ||     2
 Cast: Beastly Appendage |     2 |     3 ||     5
  Use: Scroll            |       |     2 ||     2
       Potion            |       |     3 ||     3
 Stab: Sleeping          |     2 |     2 ||     4
  Eat: Chunk             |     1 |     3 ||     4
Armor: Skin              |     3 |     5 ||     8
Dodge: Dodged            |    55 |    23 ||    78
